 Dungeon Crawl Stone Soup version 0.28.0 (webtiles) character file.

Game seed: 7477968829959918493

787342 freelancePsychic the Cloud Mage (level 27, -3/336 HPs)
             Began as a Barachi Conjurer on Feb 13, 2022.
             Was an Initiate of Gozag.
             Slain by Cerebov (34 damage)
             ... in Pandemonium.
             The game lasted 03:40:32 (80867 turns).

freelancePsychic the Cloud Mage (Barachi Conjurer) Turns: 80867, Time: 03:40:32

Health: -3/336     AC: 12    Str:  9 (10) XL:     27
Magic:  45/45      EV: 21    Int: 35      God:    Gozag
Gold:   6461       SH:  0    Dex: 16      Spells: 19/72 levels left

rFire   + + .      SeeInvis .     - Unarmed
rCold   + + +      Faith    +   (no shield)
rNeg    + . .      Spirit   .   q - +1 robe of the Eternal Fruit {rElec rPois Int+6}
rPois   +          Reflect  .   (no helmet)
rElec   +          Harm     .   m - +0 cloak
rCorr   +          Rampage  .   D - +0 pair of gloves
Will    ++...                   d - +2 pair of boots
Stlth   ..........              Y - amulet of Umecuom {Faith rF++ Will- Dex+3}
HPRegen 0.66/turn               l - ring "Obesazui" {rF+ rC+ Int+4}
MPRegen 0.29/turn               v - ring of Departure {rC+ rN+ Will+ AC+4 Slay+2}

@: mighty, brilliant, berserking (expiring), resistant, fire vulnerable, gold
aura, blinkbolt cooldown, studying Fighting, quick
A: amphibious, slowness 1, strong legs 2, +LOS, cold resistance 1, deterioration
1, dopey 2, fire resistance 1, low MP 1
}: 9/15 runes: decaying, slimy, silver, abyssal, demonic, glowing, magical,
dark, gossamer
a: Hop, Renounce Religion, Potion Petition, Call Merchant, Bribe Branch


You were in Pandemonium.
You worshipped Gozag.
Gozag was greatly pleased with you.
You visited 11 branches of the dungeon, and saw 50 of its levels.
You visited Pandemonium 1 time, and saw 15 of its levels.
You visited the Abyss 2 times.
You visited 1 bazaar.
You also visited: Trove and Ice Cave.

You collected 29817 gold pieces.
You spent 5926 gold pieces at shops.
You paid 17430 gold pieces to Gozag.

Inventory:

Hand Weapons
 C - the +2 hunting sling of Soture {freeze, Contam Int+8 Stlth+}
   (You found it in a treasure trove)

   Any ammunition fired from it freezes those it strikes, dealing additional
   cold damage.
   It can also slow down cold-blooded creatures.
   Int:       It affects your intelligence (+8).
   Contam:    It causes magical contamination when unequipped.
   Stlth:     It makes you more stealthy.
 L - the +9 battleaxe of Ofai {flame, Str+3}
   (You found it on level 2 of the Elven Halls)

   It burns those it strikes, dealing additional fire damage.
   Big, fiery blades are also staple armaments of hydra-hunters.
   Str:       It affects your strength (+3).
Missiles
 R - 4 throwing nets
Armour
 d - a +2 pair of boots (worn)
 m - a +0 cloak (worn)
 q - the +1 robe of the Eternal Fruit (worn) {rElec rPois Int+6}
   (You bought it in a shop on level 7 of the Dungeon)

   Int:       It affects your intelligence (+6).
   rElec:     It insulates you from electricity.
   rPois:     It protects you from poison.
 D - a +0 pair of gloves (worn)
 Z - a +1 helmet of see invisible
Magical Staves
 a - a staff of air {!a}
Jewellery
 l - the ring "Obesazui" (left hand) {rF+ rC+ Int+4}
   (You found it in a treasure trove)

   [ring of protection from cold]

   Int:       It affects your intelligence (+4).
   rF:        It protects you from fire.
   rC:        It protects you from cold.
 t - the ring "Caok" {Fly rC++ rCorr Str-4}
   (You acquired it on level 2 of the Lair of Beasts)

   [ring of flight]

   Str:       It affects your strength (-4).
   rC:        It greatly protects you from cold.
   Fly:       It grants you flight.
   rCorr:     It protects you from acid and corrosion.
 v - the ring of Departure (right hand) {rC+ rN+ Will+ AC+4 Slay+2}
   (You found it on level 5 of the Pits of Slime)

   [ring of protection]

   AC:        It affects your AC (+4).
   Slay:      It affects your accuracy & damage with ranged weapons and melee
   (+2).
   rC:        It protects you from cold.
   rN:        It protects you from negative energy.
   Will:      It increases your willpower.
 x - the amulet "Baahemeu" {Spirit rPois rCorr Str+3 Dex+2}
   (You found it in a treasure trove)

   [amulet of guardian spirit]

   It causes incoming damage to be divided between your reserves of health and
   magic.
   Str:       It affects your strength (+3).
   Dex:       It affects your dexterity (+2).
   rPois:     It protects you from poison.
   rCorr:     It protects you from acid and corrosion.
 T - a ring of protection from fire
 W - an amulet of regeneration
 Y - the amulet of Umecuom (around neck) {Faith rF++ Will- Dex+3}
   (You took it off a deep elf pyromancer on level 3 of the Elven Halls)

   [amulet of faith]

   It allows you to gain divine favour quickly.
   Dex:       It affects your dexterity (+3).
   rF:        It greatly protects you from fire.
   Will:      It decreases your willpower.
Wands
 g - a wand of mindburst (29)
 E - a wand of flame (166)
 J - a wand of acid (12)
 O - a wand of digging (3)
 S - a wand of iceblast (31)
Scrolls
 b - 7 scrolls of enchant armour
 e - 5 scrolls of blinking
 f - 5 scrolls of magic mapping
 h - 12 scrolls of vulnerability
 j - 7 scrolls of amnesia
 n - 12 scrolls of teleportation {@r4}
 o - 9 scrolls of immolation
 s - a scroll of holy word
 y - 7 scrolls of fog
 B - 11 scrolls of enchant weapon
 F - 5 scrolls of silence
 G - 7 scrolls of fear
 M - a scroll of summoning
 N - 7 scrolls of brand weapon
 U - 31 scrolls of identify {@r1}
Potions
 c - 3 potions of invisibility
 i - 10 potions of ambrosia
 k - 11 potions of degeneration
 p - 4 potions of magic
 r - 9 potions of attraction
 u - 9 potions of heal wounds {@q2}
 z - 8 potions of haste {@q3}
 A - 12 potions of curing {@q1}
 H - 5 potions of flight
 I - 5 potions of lignification
 K - 2 potions of cancellation
 P - 2 potions of berserk rage
 Q - 2 potions of resistance
 V - 3 potions of might
 X - 5 potions of brilliance


   Skills:
 - Level 20.1 Fighting
 - Level 16.0 Dodging
 - Level 1.7 Stealth
 - Level 20.0 Unarmed Combat
 + Level 23.0 Spellcasting
 - Level 5.6 Conjurations
 - Level 12.0 Summonings
 - Level 15.5 Translocations
 + Level 23.9 Transmutations
 - Level 4.9 Ice Magic
 + Level 23.9 Air Magic


You had 19 spell levels left.
You knew the following spells:

 Your Spells              Type           Power      Damage    Failure   Level
a - Summon Cactus Giant   Summ           56%        N/A       1%          6
b - Storm Form            Tmut/Air       71%        N/A       1%          7
c - Wereblood             Tmut           100%       N/A       0%          2
d - Summon Forest         Summ/Tloc      58%        N/A       1%          5
e - Manifold Assault      Tloc           100%       N/A       1%          5
f - Magic Dart            Conj           100%       1d8       1%          1
g - Searing Ray           Conj           100%       2d8       1%          2
h - Irradiate             Conj/Tmut      60%        3d33      1%          5
i - Maxwell's Capacitive  Air            71%        ∞         1%          8
j - Freezing Cloud        Conj/Ice/Air   55%        6-21      1%          5
k - Apportation           Tloc           100%       N/A       0%          1
l - Statue Form           Tmut/Erth      74%        N/A       1%          6

Your spell library contained the following spells:

 Spells                   Type           Power      Damage    Failure   Level
 Beastly Appendage        Tmut           100%       N/A       0%          1
 Shock                    Conj/Air       100%       1d9       0%          1
 Sting                    Tmut/Pois      100%       1d8       0%          1
 Summon Small Mammal      Summ           100%       N/A       0%          1
 Blink                    Tloc           100%       N/A       0%          2
 Corpse Rot               Necr/Air       100%       N/A       0%          2
 Poisonous Vapours        Pois/Air       100%       N/A       0%          2
 Static Discharge         Conj/Air       100%       N/A       0%          2
 Call Canine Familiar     Summ           100%       N/A       0%          3
 Gell's Gravitas          Tloc           100%       N/A       0%          3
 Lesser Beckoning         Tloc           100%       N/A       0%          3
 Spider Form              Tmut/Pois      100%       N/A       0%          3
 Swiftness                Air            100%       N/A       0%          3
 Teleport Other           Tloc           100%       N/A       0%          3
 Airstrike                Air            71%        N/A       0%          4
 Passage of Golubria      Tloc           100%       N/A       0%          4
 Summon Lightning Spire   Summ/Air       100%       N/A       0%          4
 Blade Hands              Tmut           71%        N/A       0%          5
 Animate Skeleton         Necr           100%       N/A       1%          1
 Pain                     Necr           100%       1d9       1%          1
 Ensorcelled Hibernation  Hex/Ice        100%       N/A       1%          2
 Scorch                   Fire           100%       2d10      1%          2
 Sublimation of Blood     Necr           57%        N/A       1%          2
 Confusing Touch          Hex            57%        N/A       1%          3
 Conjure Flame            Conj/Fire      74%        6-21      1%          3
 Dazzling Flash           Conj/Hex       100%       N/A       1%          3
 Ignite Poison            Fire/Tmut/Pois 97%        N/A       1%          3
 Inner Flame              Hex/Fire       57%        N/A       1%          3
 Mephitic Cloud           Conj/Pois/Air  100%       N/A       1%          3
 Ozocubu's Armour         Ice            85%        N/A       1%          3
 Portal Projectile        Hex/Tloc       100%       N/A       1%          3
 Summon Guardian Golem    Hex/Summ       89%        N/A       1%          3
 Tukima's Dance           Hex            57%        N/A       1%          3
 Animate Armour           Summ/Erth      100%       N/A       1%          4
 Flame Wave               Conj/Fire      74%        2d13      1%          4
 Fulminant Prism          Conj/Hex       37%        3d18      1%          4
 Hailstorm                Conj/Ice       86%        3d17      1%          4
 Ice Form                 Ice/Tmut       100%       N/A       1%          4
 Iskenderun's Mystic Bla  Conj/Tloc      100%       2d19      1%          4
 Sticky Flame             Conj/Fire      74%        2d9       1%          4
 Alistair's Intoxication  Tmut/Pois      74%        N/A       1%          5
 Iskenderun's Battlesphe  Conj           88%        2d14      1%          5
 Lightning Bolt           Conj/Air       60%        1d83      1%          5
 Summon Mana Viper        Hex/Summ       89%        N/A       1%          5
 Yara's Violent Unravell  Hex/Tmut       55%        3d21      1%          5
 Conjure Ball Lightning   Conj/Air       60%        3x3d22    1%          6
 Dispersal                Tloc           61%        N/A       1%          6
 Dragon Form              Tmut           71%        N/A       1%          7
 Fireball                 Conj/Fire      37%        3d15      5%          5
 Anguish                  Hex/Necr       28%        N/A       6%          4
 Cause Fear               Hex            28%        N/A       6%          4
 Dispel Undead            Necr           57%        3d20      6%          4
 Leda's Liquefaction      Hex/Erth       28%        N/A       6%          4
 Olgreb's Toxic Radiance  Pois           57%        N/A       6%          4
 Disjunction              Tloc           61%        N/A       8%          8
 Spellforged Servitor     Conj/Summ      50%        N/A       14%         7
 Agony                    Necr           57%        N/A       19%         5
 Borgnjor's Vile Clutch   Necr/Erth      28%        N/A       19%         5
 Excruciating Wounds      Necr           28%        N/A       19%         5
 Lee's Rapid Deconstruct  Erth           28%        3d16*     19%         5
 Iron Shot                Conj/Erth      37%        9d7       30%         6
 Simulacrum               Ice/Necr       36%        N/A       36%         6
 Orb of Destruction       Conj           44%        9d12      47%         7
 Ozocubu's Refrigeration  Ice            42%        4d13      58%         7
 Chain Lightning          Conj/Air       60%        3d80      83%         9
 Enfeeble                 Hex            28%        N/A       99%         7
 Dragon's Call            Summ           56%        N/A       99%         9
 Discord                  Hex            28%        N/A       100%        8
 Fire Storm               Conj/Fire      37%        8d9       100%        9
 Shatter                  Erth           28%        3d24*     100%        9


Dungeon Overview and Level Annotations

Branches:
Dungeon (15/15)            Temple (1/1) D:4            Lair (6/6) D:10
  Swamp (4/4) Lair:2       Spider (4/4) Lair:3        Slime (5/5) Lair:5
    Orc (2/2) D:9             Elf (3/3) Orc:2        Vaults (5/5) D:13
  Crypt (0/3) Vaults:3     Depths (4/4) D:15           Hell (visited)
    Zot (0/5) Depths:4      IceCv (visited)
    Dis: Hell:1         Geh: Hell:1         Coc: Hell:1         Tar: Hell:1

Altars:
Ashenzari
Cheibriados
Dithmenos
Fedhas
Gozag
Hepliaklqana
Kikubaaqudgha
Makhleb
Nemelex Xobeh
Okawaru
Ru
Sif Muna
Trog
Uskayaw
Vehumet
Xom
Yredelemnul
Zin
The Shining One
Jiyva

Shops:
D:5 [?   D:7 [   D:8 (   D:9 *   D:15 [   Orc:2 ?!**[:(!(   Lair:3 :   Lair:6 :
Swamp:2 :   Swamp:4 *   Vaults:2 [   Vaults:3 =[*?   Vaults:4 [
Vaults:5 *!!???   Depths:2 ?(*   Depths:3 **=[?*

Portals:
Hell: Depths:1 Depths:2 Depths:3 Depths:4
Abyss: Depths:1 Depths:3
Pandemonium: Depths:2
Ziggurat: Depths:1
Bazaar: Orc:2

Annotations:
D:6 1 runed translucent door, dolemite99's ghost, novice TrMo
Lair:6 2 runed translucent doors
Swamp:1 3 runed translucent doors, Jase's ghost, adept GrEE
Spider:2 Roxanne
Elf:1 exclusion: dancing weapon
Elf:2 3 runed translucent doors
Depths:1 exclusions: hell beast, 3 hell hogs, 4 hell knights and 6 more exclusions
Hell Geryon
Pan Cerebov


Innate Abilities, Weirdness & Mutations

You are amphibious.
You cover ground slowly.
You can hop long distances.
You have an extended range of vision and can be seen from far away.
Your flesh is cold resistant. (rC+)
Your body sometimes deteriorates upon taking damage.
You are very dopey. (Int -4)
Your flesh is heat resistant. (rF+)
Your magical capacity is low. (-10% MP)


Message History

You hit Cerebov but do no damage. You punch Cerebov, but do no damage.
Cerebov is heavily wounded.
You are covered in liquid flames!
You feel less vulnerable to fire.
You pummel Cerebov!! You punch Cerebov!
Cerebov is severely wounded.
You are covered in liquid flames!
The balrug is no longer distracted by gold.
Cerebov closely misses you. The hellion barely misses you.
The Brimstone Fiend barely misses you.
The Brimstone Fiend hits you but does no damage.
The Brimstone Fiend hits you.
* * * LOW HITPOINT WARNING * * *
You hit Cerebov.
Cerebov is severely wounded.
You are covered in liquid flames!
The balrug is no longer distracted by gold.
The balrug is distracted by your dazzling golden aura.
Cerebov hits you with the +6 sword of Cerebov {flame}!!!
* * * LOW HITPOINT WARNING * * *
Cerebov burns you.
* * * LOW HITPOINT WARNING * * *
The sword of Cerebov burns away your fire resistance.
The balrug shouts!
You punch Cerebov!
Cerebov is severely wounded.
You are covered in liquid flames!
You are no longer on fire.
The hellion completely misses you.
You punch Cerebov!
Cerebov is severely wounded.
The balrug is no longer distracted by gold.
The Brimstone Fiend hits you but does no damage.
The Brimstone Fiend hits you.
* * * LOW HITPOINT WARNING * * *
The Brimstone Fiend hits you!
* * * LOW HITPOINT WARNING * * *
Cerebov hits you with the +6 sword of Cerebov {flame}!!
You die...
Your body crumbles into a pile of gold.

....# ##........... ....#
#........... .)..# ##
####....4... ...## ..?
#........ ...# .... $
#........ ...# ..... # $
#........ ...# ......
#.#####$....... ####
##...2####.)$#$$$.......
$ $
#....2&@.2..$4$$........
$ $
#......122...$$..........
$ $
##......'..$.......#.....
####
##....####...#....#.)...
...# ......
#.#####..#..... ...#
....... #.#$$$#........
...# ...... # $
$#........ ...## ......
$$$#........ ....# ##.###
####........


You could see Cerebov (fast), a Brimstone Fiend, 3 balrugs, an orange demon and
2 hellions.

Vanquished Creatures
  the Royal Jelly (Slime:5)
  Gloorx Vloq (Pan)
  Mnoleg (Pan)
  Lom Lobon (Pan)
  4 pandemonium lords (Pan)
  3 golden dragons
  Arachne (Spider:2)
  8 Brimstone Fiends (Pan)
  2 bone dragons
  2 Tzitzimimeh (Pan)
  A hellephant (Depths:3)
  4 Ice Fiends (Pan)
  3 Hell Sentinels (Pan)
  A tentacled monstrosity (Abyss:2)
  4 liches
  4 titans
  21 acid blobs
  A deep elf blademaster (Elf:3)
  2 quicksilver dragons
  6 tentacled starspawn
  A walking frostbound tome (Depths:1)
  28 Executioners
  5 sphinxes
  3 thorn hunters
  Kirke (D:15)
  An ancient champion (Depths:4)
  A revenant (Abyss:3)
  A storm dragon (Vaults:5)
  4 shadow dragons
  5 demonspawn warmongers (Pan)
  12 azure jellies
  5 fire giants
  10 rockslimes
  2 iron dragons
  Aizul (Spider:1)
  18 vault wardens
  A draconian scorcher (Depths:4)
  7 frost giants
  6 deep elf sorcerers
  9 emperor scorpions
  22 cacodemons (Pan)
  A draconian shifter (Depths:4)
  3 ghost moths
  18 balrugs
  2 curse skulls (Pan)
  A deep elf elementalist (Elf:3)
  2 spriggan defenders
  2 ghouls
  10 stone giants
  15 ironbound preservers
  22 very ugly things
  4 reapers (Pan)
  9 ironbound thunderhulks
  14 quicksilver oozes
  3 demonspawn blood saints (Pan)
  8 demonspawn corrupters (Pan)
  2 broodmothers (Spider:4)
  2 deep elf demonologists
  2 deep elf annihilators (Elf:3)
  3 black draconians (Depths:4)
  2 green draconians (Depths:4)
  8 demonspawn black suns (Pan)
  5 vampire knights
  4 eleionomae
  10 lorocyprocas (Pan)
  A red draconian (Depths:4)
  7 spark wasps
  9 bunyips
  An entropy weaver (shapeshifter) (Depths:2)
  A bunyip (shapeshifter) (Vaults:5)
  5 entropy weavers
  A yellow draconian (Depths:4)
  5 blizzard demons
  3 dire elephants (Vaults:4)
  A crystal guardian (Vaults:1)
  A merfolk javelineer (Depths:4)
  2 green deaths (Pan)
  3 deep elf death magi
  A fire dragon (shapeshifter) (Depths:1)
  14 ettins
  2 jiangshi (Abyss:3)
  A merfolk impaler (Depths:4)
  A shambling mangrove (Swamp:1)
  16 great orbs of eyes
  13 fire dragons
  3 naga warriors
  4 deep elf high priests
  A spriggan zombie (Abyss:3)
  6 yaktaur captains
  3 peacekeepers
  17 vault guards
  4 salamander tyrants (Depths:3)
  10 ice dragons
  6 hell beasts
  4 spriggan air magi
  6 rakshasas
  10 hydras
  12 ironbound frosthearts
  5 boulder beetles
  2 catoblepae
  5 jorogumos
  10 ogre magi
  A spriggan skeleton (Pan)
  2 fenstrider witch skeletons (Pan)
  A two-headed ogre (shapeshifter) (Vaults:5)
  10 alligators
  13 two-headed ogres
  16 centaur warriors
  8 hell hogs
  5 vampire magi
  4 deep troll shamans
  9 thrashing horrors
  3 deep troll earth magi
  3 tengu warriors
  6 spriggan berserkers
  5 hell knights
  54 sun demons
  6 shadow wraiths (Pan)
  32 soul eaters
  45 large abominations
  A goliath frog (shapeshifter) (Depths:3)
  6 iron trolls
  13 wretched stars
  10 deep elf knights
  5 goliath frogs
  A spatial maelstrom (Abyss:3)
  9 pharaoh ants
  A death drake (Swamp:4)
  21 sixfirhies
  A sun moth (Spider:4)
  7 spriggan druids
  6 glowing orange brains
  A quicksilver dragon simulacrum (Depths:4)
  8 orb spiders
  10 steelbarb worms
  3 flayed ghosts
  2 orb spiders (shapeshifter) (Vaults:5)
  9 deep elf archers
  8 shadow demons (Pan)
  A salamander mystic (Depths:3)
  An orange crystal statue (Abyss:2)
  43 deep trolls
  24 ironbound convokers
  2 orc knights
  6 swamp dragons
  A bunyip skeleton (Pan)
  10 wizards
  6 bog bodies (Swamp:1)
  4 lindwurms (D:12)
  A mana viper (Abyss:3)
  6 harpies
  4 phantasmal warriors
  15 deep elf zephyrmancers
  4 will-o-the-wisps
  6 necromancers
  11 wolf spiders
  18 deep elf pyromancers
  31 ugly things
  8 salamanders
  7 shining eyes
  An iron dragon skeleton (Pan)
  4 cyclopes
  3 orc sorcerers
  4 moths of wrath
  A stone giant skeleton (Vaults:2)
  4 black mambas
  4 centaur zombies
  2 guardian serpents
  Joseph (D:7)
  6 rust devils
  3 ice statues (IceCv)
  3 cane toads
  4 torpor snails
  23 vault sentinels
  42 smoke demons
  16 orange demons
  An eye of devastation (Abyss:2)
  2 naga skeletons (Pan)
  3 naga magi
  2 apocalypse crabs
  2 centaur skeletons (D:15)
  2 molten gargoyles (Lair:6)
  2 gargoyles (D:12)
  3 unseen horrors (Pan)
  5 komodo dragons
  9 efreet
  A rime drake (Lair:6)
  A yaktaur (shapeshifter) (D:13)
  23 yaktaurs
  Psyche (D:9)
  14 demonic crawlers
  6 hellions
  A tormentor (Pan)
  3 entropy weaver simulacra (IceCv)
  An ice devil (Depths:2)
  A freezing wraith (Vaults:3)
  5 tengu conjurers
  19 hellwings
  8 tyrant leeches
  A meliai (shapeshifter) (Vaults:5)
  2 trolls
  9 ancient zymes
  17 meliai
  A queen bee (shapeshifter) (D:14)
  16 tarantellas
  8 raiju
  A blink frog (shapeshifter) (Elf:2)
  Grinder (D:4)
  6 harpy skeletons (Pan)
  A polar bear (Lair:3)
  The ghost of AlmostDecent the Digger, an amateur GnEE (D:4)
  7 hornets
  A fire giant simulacrum (Vaults:2)
  4 blink frogs (Lair:4)
  Prince Ribbit (D:7)
  127 slime creatures
  2 centaur simulacra
  19 jumping spiders
  2 vampires
  4 flying skulls
  3 air elementals
  11 starcursed masses (Abyss:4)
  5 wyverns
  10 spriggans
  A fire dragon skeleton (Pan)
  10 water elementals
  4 nameless horrors
  9 yaks
  20 culicivoras
  23 ynoxinuls
  4 hogs (D:15)
  A wraith (D:12)
  2 fire bats (Abyss:3)
  5 golden eyes
  10 small abominations
  5 basilisks
  3 steam dragons
  A black mamba skeleton (Pan)
  A human (D:13)
  14 chaos spawn
  20 neqoxecs
  A fire elemental (Abyss:4)
  55 redbacks
  13 swamp worms
  5 vampire mosquitoes
  3 wargs
  2 nagas (Abyss:3)
  An acid dragon (D:13)
  5 demonic crawler simulacra (IceCv)
  2 floating eyes
  7 hell hounds
  8 water moccasins
  A hornet zombie (D:15)
  12 orc warriors
  2 swamp drakes
  3 ice beasts
  3 ugly thing simulacra (IceCv)
  A black bear (D:5)
  20 ogres
  2 necrophages (Swamp:1)
  12 centaurs
  2 phantoms (D:6)
  4 elf zombies
  A kobold brigand (D:13)
  10 bullfrogs
  2 earth elementals
  3 glowing shapeshifter simulacra (IceCv)
  2 scorpions (D:15)
  2 water moccasin skeletons
  11 wights
  2 electric eels
  4 lava snakes (Lair:6)
  A bullfrog zombie (D:4)
  2 quasits (Abyss:2)
  4 hounds
  2 jellies
  4 orc priests
  An iguana (D:15)
  3 iron imps
  Natasha (D:2)
  9 orc wizards
  A killer bee zombie (D:4)
  A hound skeleton (D:4)
  3 howler monkey zombies
  5 adders
  A howler monkey skeleton (D:7)
  5 white imps
  An ufetubus (D:5)
  An adder skeleton (D:4)
  A worm (D:3)
  A dart slug (D:3)
  22 orcs
  4 ball pythons
  5 bats
  7 endoplasms
  4 giant cockroaches
  6 hobgoblins
  8 jackals
  8 kobolds
  2 quokkas
  5 frilled lizards
  4 goblins
  5 rats
  2 ball lightnings (Pan)
  A briar patch (Swamp:4)
  A bush (Lair:5)
  A snaplasher vine (Lair:5)
  3 starspawn tentacles
2081 creatures vanquished.

Vanquished Creatures (collateral kills)
  A walking crystal tome (Depths:2)
  A quicksilver dragon (Vaults:5)
  Rupert (Lair:6)
  A deep elf blademaster (Elf:3)
  An acid blob (Slime:5)
  A deep elf master archer (Elf:3)
  A storm dragon (Vaults:5)
  A thorn hunter (Swamp:4)
  A shadow dragon (Vaults:5)
  An azure jelly (IceCv)
  2 fenstrider witches (Swamp:4)
  A fire giant (Vaults:5)
  A frost giant (Vaults:5)
  A fire giant (shapeshifter) (Depths:1)
  2 vault wardens
  A deep elf sorcerer (Elf:3)
  Louise (D:15)
  A ghost moth (Spider:4)
  4 ironbound preservers
  A deep elf elementalist (Elf:3)
  2 stone giants (Depths:2)
  A very ugly thing (Vaults:5)
  3 deep elf demonologists
  2 entropy weavers
  2 spark wasps (Spider:2)
  2 deep elf death magi (Elf:3)
  A fire dragon (D:10)
  3 great orbs of eyes
  A deep elf high priest (Elf:3)
  4 hydras
  Harold (D:11)
  7 vault guards
  3 ironbound frosthearts
  3 boulder beetles
  A radroach (Spider:4)
  4 two-headed ogres
  2 centaur warriors (Vaults:1)
  A tengu warrior (D:13)
  An alligator (Swamp:2)
  An orc high priest (Orc:1)
  Nergalle (Lair:1)
  A deep elf knight (Elf:2)
  A fire crab (Lair:6)
  An iron troll (Depths:3)
  A hell knight (Vaults:5)
  A pharaoh ant (Spider:4)
  A death drake (Swamp:4)
  9 deep trolls
  A glowing orange brain (Vaults:1)
  3 lindwurms
  An orb spider (Spider:1)
  A bog body (Swamp:1)
  2 deep elf archers (Elf:2)
  2 steelbarb worms
  3 ironbound convokers
  A swamp dragon (Swamp:4)
  3 harpies
  8 deep elf pyromancers
  2 wizards (Swamp:4)
  4 ugly things
  An orc knight (Vaults:5)
  3 deep elf zephyrmancers
  5 wolf spiders
  A human skeleton (Vaults:2)
  A moth of wrath (Spider:2)
  2 cyclopes
  An elephant (D:10)
  A water nymph (shapeshifter) (Vaults:5)
  A vault sentinel (Vaults:5)
  7 cane toads
  A gargoyle (D:9)
  A rime drake (Lair:4)
  A torpor snail (Spider:1)
  5 komodo dragons
  An unseen horror (shapeshifter) (D:13)
  3 yaktaurs
  A demonic crawler (Spider:4)
  3 kobold demonologists (D:13)
  2 trolls (D:10)
  9 tarantellas
  A meliai (D:14)
  A tyrant leech (Swamp:2)
  2 polar bears
  2 hornets (Swamp:1)
  16 slime creatures
  10 dream sheep
  A wraith (D:14)
  11 jumping spiders
  3 culicivoras
  2 fire bats (Abyss:3)
  4 wyverns
  20 redbacks
  30 yaks
  A chaos spawn (Swamp:4)
  3 golden eyes (Slime:1)
  3 basilisks
  A spatial vortex (Abyss:3)
  3 swamp worms
  7 water moccasins
  A sky beast (D:7)
  A swamp drake (Swamp:1)
  4 orc warriors
  12 ogres (Orc:2)
  A centaur (Lair:6)
  A kobold brigand (D:13)
  4 bullfrogs
  A howler monkey (D:10)
  8 wights
  4 electric eels
  A crimson imp (D:14)
  A lava snake (Lair:6)
  3 orc priests
  A centaur zombie (D:9)
  5 orc wizards
  10 hell rats
  A howler monkey zombie (D:7)
  23 orcs
  A kobold (D:13)
  4 briar patches (Swamp:4)
  2 bushes
377 creatures vanquished.

Vanquished Creatures (others)
  2 tentacled monstrosities (Vaults:5)
  A quicksilver dragon (Vaults:5)
  A titan (Vaults:5)
  A tengu reaver (Vaults:5)
  3 fire giants (Vaults:5)
  2 vault wardens (Vaults:5)
  A deep elf sorcerer (Vaults:5)
  A frost giant (Vaults:5)
  2 war gargoyles (Vaults:5)
  3 ironbound preservers (Vaults:5)
  2 demonspawn blood saints (Pan)
  A demonspawn black sun (Pan)
  2 ettins (Vaults:5)
  A deep elf death mage (Vaults:5)
  15 vault guards (Vaults:5)
  3 yaktaur captains (Vaults:5)
  2 two-headed ogres (Vaults:5)
  10 dancing weapons
  A deep troll earth mage (Vaults:5)
  3 hell knights (Vaults:5)
  A deep elf knight (Elf:2)
  A shadow wraith (Vaults:5)
  A fire crab (shapeshifter) (Vaults:5)
  2 phantasmal warriors (Vaults:5)
  3 deep trolls (Vaults:5)
  2 ironbound convokers (Vaults:5)
  An orc knight (Vaults:5)
  A manticore (D:14)
  2 vault sentinels (Vaults:5)
  2 yaktaurs (Vaults:5)
  A freezing wraith (Vaults:5)
  A redback (Spider:1)
  2 orc warriors (Vaults:5)
  An orc priest (Vaults:5)
  5 foxfires
  59 fungi
  50 plants
  35 snaplasher vines
  15 starspawn tentacles
242 creatures vanquished.

Grand Total: 2700 creatures vanquished

Notes
Turn   | Place    | Note
-------+----------+-------------------------------------------
     0 | D:1      | freelancePsychic the Barachi Conjurer began the quest for
                  | the Orb.
     0 | D:1      | Reached XP level 1. HP: 13/13 MP: 3/3
   198 | D:1      | Reached XP level 2. HP: 20/20 MP: 3/5
   312 | D:1      | Reached skill level 1 in Fighting
   316 | D:1      | Learned a level 2 spell: Searing Ray
   599 | D:1      | Found a faded altar of an unknown god.
  1026 | D:2      | Reached XP level 3. HP: 26/26 MP: 2/7
  1082 | D:2      | Reached skill level 1 in Translocations
  1528 | D:2      | Noticed Natasha
  1542 | D:2      | Killed Natasha
  1543 | D:2      | Reached XP level 4. HP: 27/33 MP: 3/8
  1965 | D:3      | Reached skill level 5 in Conjurations
  2525 | D:3      | Learned a level 4 spell: Iskenderun's Mystic Blast
  2888 | D:4      | Noticed Grinder
  2908 | D:4      | Noticed an orc warrior
  2956 | D:4      | Reached XP level 5. HP: 39/39 MP: 3/9
  3052 | D:4      | Found a staircase to the Ecumenical Temple.
  3055 | D:4      | Killed an orc warrior
  3056 | D:4      | Reached XP level 6. HP: 47/47 MP: 9/11
  3665 | Temple   | Entered the Ecumenical Temple
  3843 | Temple   | Became a worshipper of Gozag Ym Sagoz the Greedy
  4056 | D:4      | Found a runed translucent gate.
  4056 | D:4      | Found a runed translucent gate.
  4056 | D:4      | Found a runed translucent gate.
  4058 | D:4      | Noticed AlmostDecent's ghost (amateur GnEE)
  4384 | D:4      | Killed Grinder
  4385 | D:4      | Reached XP level 7. HP: 53/53 MP: 3/13
  4580 | D:3      | Learned a level 5 spell: Summon Forest
  4938 | D:5      | Entered Level 5 of the Dungeon
  4938 | D:5      | Noticed a yak
  4938 | D:5      | Noticed a yak
  4938 | D:5      | Noticed a yak
  4938 | D:5      | Noticed a yak
  4938 | D:5      | Noticed a yak
  4939 | D:5      | Noticed a yak
  5015 | D:5      | Found Teell's Armour Shoppe.
  5231 | D:5      | Found a shimmering blue altar of Sif Muna.
  5246 | D:5      | Reached skill level 5 in Spellcasting
  5450 | D:5      | Noticed a wyvern
  5465 | D:5      | Killed a wyvern
  5466 | D:5      | Reached XP level 8. HP: 31/60 MP: 10/15
  5609 | D:6      | Reached skill level 5 in Translocations
  5852 | D:6      | Reached skill level 5 in Fighting
  5852 | D:6      | Reached skill level 5 in Summonings
  5987 | D:5      | Found Kemmir's Magic Scroll Shop.
  6259 | D:5      | Bought a scroll of teleportation for 33 gold pieces
  6259 | D:5      | Bought a scroll of magic mapping for 38 gold pieces
  6392 | D:5      | Noticed a nameless horror
  6672 | D:6      | Reached XP level 9. HP: 59/69 MP: 10/16
  6823 | D:6      | Found a runed translucent door.
  6823 | D:6      | Noticed dolemite99's ghost (novice TrMo)
  7772 | D:7      | Found a blossoming altar of Fedhas.
  7795 | D:7      | Noticed Joseph
  8031 | D:7      | Noticed Prince Ribbit
  8618 | D:8      | Found Fitsol's Antique Weapon Shop.
  9610 | D:7      | Killed Prince Ribbit
  9621 | D:7      | Killed Joseph
  9622 | D:7      | Reached XP level 10. HP: 20/82 MP: 1/17
 10513 | D:7      | Bought a shimmering robe for 153 gold pieces
 10513 | D:7      | Identified the +1 robe of the Eternal Fruit {rElec rPois
                  | Int+6} (You bought it in a shop on level 7 of the Dungeon)
 11205 | D:6      | Learned a level 6 spell: Summon Cactus Giant
 11740 | D:9      | Found a staircase to the Orcish Mines.
 11917 | D:9      | Noticed a gargoyle
 11922 | D:9      | Killed a gargoyle
 12497 | D:9      | Noticed Psyche
 12503 | D:9      | Killed Psyche
 12573 | D:10     | Entered Level 10 of the Dungeon
 13131 | D:10     | Noticed a two-headed ogre
 13177 | D:10     | Killed a two-headed ogre
 13178 | D:10     | Reached skill level 10 in Fighting
 13178 | D:10     | Reached skill level 10 in Summonings
 13178 | D:10     | Reached XP level 11. HP: 91/91 MP: 14/21
 13272 | D:10     | Found a staircase to the Lair.
 13528 | D:10     | Noticed a fire dragon
 13545 | D:10     | Killed a fire dragon
 13778 | D:10     | Got the Tome of Transformation and Contamination
 13931 | Lair:1   | Entered Level 1 of the Lair of Beasts
 13937 | Lair:1   | Reached skill level 1 in Transmutations
 13937 | Lair:1   | Reached skill level 1 in Ice Magic
 13937 | Lair:1   | Reached skill level 1 in Air Magic
 14245 | Lair:1   | Noticed Nergalle
 14258 | Lair:1   | Killed Nergalle
 14461 | Lair:1   | Learned a level 5 spell: Freezing Cloud
 14552 | Lair:1   | Noticed an eight-headed hydra
 15324 | Lair:2   | Reached XP level 12. HP: 100/100 MP: 12/24
 15388 | Lair:2   | Found a staircase to the Swamp.
 15645 | Lair:2   | Noticed a boulder beetle
 15652 | Lair:2   | Killed a boulder beetle
 15653 | Lair:2   | Reached skill level 5 in Transmutations
 15653 | Lair:2   | Reached skill level 5 in Air Magic
 16046 | Lair:2   | Identified a scroll of acquirement
 16047 | Lair:2   | Acquired the ring "Caok" {Fly rC++ rCorr Str-4}
 16398 | Lair:3   | Found a hole to the Spider Nest.
 16549 | Lair:3   | Noticed an eight-headed hydra
 16560 | Lair:3   | Killed an eight-headed hydra
 16735 | Lair:3   | Learned a level 5 spell: Irradiate
 16908 | Lair:3   | Noticed an eight-headed hydra
 16915 | Lair:3   | Killed an eight-headed hydra
 17266 | Lair:3   | Noticed a catoblepas
 17272 | Lair:3   | Killed a catoblepas
 18390 | Lair:4   | Noticed a boulder beetle
 18397 | Lair:4   | Gained mutation: You can hop long distances. [Barachi
                  | growth]
 18397 | Lair:4   | Reached XP level 13. HP: 75/106 MP: 16/26
 19958 | Lair:5   | You are sucked into a shaft and drop 1 floor!
 19958 | Lair:6   | Entered Level 6 of the Lair of Beasts
 20482 | Lair:5   | Found a viscous altar of Jiyva.
 20482 | Lair:5   | Found a staircase to the Slime Pits.
 20550 | Lair:5   | Reached skill level 10 in Transmutations
 20550 | Lair:5   | Reached skill level 10 in Air Magic
 21043 | Lair:6   | Noticed Rupert
 21059 | Lair:6   | Killed Rupert
 21973 | Lair:6   | Noticed a fire dragon
 21985 | Lair:6   | Learned a level 7 spell: Storm Form
 22318 | Lair:6   | Found a large runed translucent door.
 22318 | Lair:6   | Found a large runed translucent door.
 22325 | Lair:6   | Reached XP level 14. HP: 101/113 MP: 16/27
 22737 | Lair:6   | Found an ancient bone altar of Kikubaaqudgha.
 23355 | Orc:1    | Entered Level 1 of the Orcish Mines
 23811 | Orc:2    | Entered Level 2 of the Orcish Mines
 23811 | Orc:2    | Found Wookkim's Antique Weapon Shop.
 24066 | Orc:2    | Found Arekileng's Weapon Boutique.
 24089 | Orc:2    | Found Cujun's Distillery.
 24159 | Orc:2    | Found a staircase to the Elven Halls.
 24214 | Orc:2    | Found Bonty's Magic Scroll Shoppe.
 24265 | Orc:2    | Reached skill level 5 in Dodging
 24440 | Orc:2    | Found Xarew's General Store.
 24440 | Orc:2    | Found Gasses's Distillery.
 24444 | Orc:2    | Found Naijusch Ixoy's Armour Emporium.
 24444 | Orc:2    | Found Igodad's General Store.
 24487 | Orc:2    | Bought a scroll of teleportation for 39 gold pieces
 24568 | Orc:2    | Bought a potion of resistance for 100 gold pieces
 24642 | Orc:2    | Found a gateway to a bazaar.
 25034 | D:11     | Noticed Harold
 25041 | D:11     | Killed Harold
 25951 | D:12     | Reached skill level 1 in Unarmed Combat
 26687 | D:12     | Reached XP level 15. HP: 56/122 MP: 17/28
 27159 | Lair:3   | Bought a manual of Fighting for 880 gold pieces
 27322 | D:13     | Found a frozen archway.
 27378 | IceCv    | Entered an ice cave
 28276 | IceCv    | Noticed an azure jelly
 28279 | IceCv    | Noticed an azure jelly
 28290 | IceCv    | Killed an azure jelly
 28516 | IceCv    | Killed an azure jelly
 28579 | IceCv    | Found a viscous altar of Jiyva.
 28602 | IceCv    | Got Sif Muna's Incunabulum of Cold
 28606 | IceCv    | Identified the +2 ice dragon scales "Fasoskakh" {rElec
                  | rPois rF- rC++ Str-3 Stlth+}
 28752 | IceCv    | Found the +8 frozen axe "Frostbite" {freezing cloud, *Noise
                  | Fly rC+}
 29784 | D:13     | Found a gate to the Vaults.
 31401 | D:14     | Reached skill level 5 in Unarmed Combat
 31664 | D:14     | Found a portal to a secret trove of treasure.
 31979 | D:15     | Entered Level 15 of the Dungeon
 32173 | D:15     | Reached XP level 16. HP: 133/133 MP: 12/29
 32321 | D:15     | Found a staircase to the Depths.
 32377 | D:15     | Noticed Kirke
 32390 | D:15     | Killed Kirke
 32736 | D:15     | Found a bloodstained altar of Trog.
 32878 | D:15     | Found a shimmering blue altar of Sif Muna.
 32880 | D:15     | Found a bloodstained altar of Trog.
 32880 | D:15     | Found a burning altar of Makhleb.
 32881 | D:15     | Found a shimmering blue altar of Sif Muna.
 32881 | D:15     | Found a shimmering altar of Xom.
 32881 | D:15     | Found an iron altar of Okawaru.
 33078 | D:15     | Noticed Louise
 33090 | D:15     | Killed Louise
 33376 | D:15     | Bought a shiny helmet for 210 gold pieces
 33717 | Swamp:1  | Entered Level 1 of the Swamp
 33717 | Swamp:1  | Found a runed translucent gate.
 33717 | Swamp:1  | Found a runed translucent gate.
 33717 | Swamp:1  | Found a runed translucent gate.
 33719 | Swamp:1  | Noticed Jase's ghost (adept GrEE)
 33890 | Swamp:1  | Reached skill level 15 in Transmutations
 33893 | Swamp:1  | Reached skill level 15 in Air Magic
 33906 | Swamp:1  | Reached skill level 10 in Spellcasting
 34280 | Swamp:1  | Reached skill level 15 in Fighting
 35719 | Swamp:3  | Noticed a thorn hunter
 35747 | Swamp:3  | Killed a thorn hunter
 36651 | Swamp:4  | Entered Level 4 of the Swamp
 36660 | Swamp:4  | Reached XP level 17. HP: 130/144 MP: 19/31
 37435 | Swamp:4  | Gained mutation: You are dopey. (Int -2) [a neqoxec]
 37435 | Swamp:4  | Gained mutation: Your body sometimes deteriorates upon
                  | taking damage. [a neqoxec]
 37739 | Swamp:3  | Lost mutation: Your body sometimes deteriorates upon taking
                  | damage. [potion of mutation]
 37739 | Swamp:3  | Lost mutation: You are dopey. (Int -2) [potion of mutation]
 37739 | Swamp:3  | Gained mutation: You have hidden genetic potential. [potion
                  | of mutation]
 37739 | Swamp:3  | Gained mutation: You are weak. (Str -2) [potion of
                  | mutation]
 37739 | Swamp:3  | Gained mutation: Your system is resistant to poisons.
                  | (rPois) [potion of mutation]
 38528 | Swamp:4  | Paralysed by a fenstrider witch for 4 turns
 38642 | Swamp:4  | Got a decaying rune of Zot
 38811 | Elf:1    | Entered Level 1 of the Elven Halls
 39004 | Elf:1    | Paralysed by an air elemental for 1 turns
 39740 | Elf:1    | Reached XP level 18. HP: 155/155 MP: 24/33
 39798 | Elf:1    | Got Becihuk's Handbook of Darkness
 40280 | Elf:2    | Paralysed by an air elemental for 1 turns
 40663 | Elf:2    | Learned a level 2 spell: Wereblood
 40887 | Elf:2    | Found a runed translucent gate.
 40888 | Elf:2    | Identified the +9 battleaxe of Ofai {flame, Str+3}
 40927 | Elf:2    | Found a runed translucent gate.
 40927 | Elf:2    | Found a runed translucent gate.
 41074 | Elf:3    | Entered Level 3 of the Elven Halls
 41084 | Elf:3    | Found a flickering gateway to a bazaar.
 41093 | Bazaar   | Entered a bazaar
 41097 | Bazaar   | Found Vuedghebb's Antique Armour Shop.
 41102 | Bazaar   | Found Sosir's Antique Armour Shoppe.
 41123 | Bazaar   | Found Ezivouji's Book Boutique.
 41128 | Bazaar   | Found Bomahej's Weapon Shoppe.
 41131 | Bazaar   | Found Woepsoun's Assorted Antiques.
 41143 | Bazaar   | Bought a scroll of magic mapping for 84 gold pieces
 41151 | Bazaar   | Bought a book of the Dragon for 460 gold pieces
 41460 | Elf:3    | Identified the amulet of Umecuom {Faith rF++ Will- Dex+3}
 41714 | Elf:3    | Gained mutation: You have large cloven feet. [hidden
                  | potential]
 41750 | Elf:3    | Paralysed by an air elemental for 1 turns
 42217 | Spider:1 | Entered Level 1 of the Spider Nest
 42795 | Spider:1 | Noticed Aizul
 42810 | Spider:1 | Killed Aizul
 43571 | Spider:2 | Noticed Arachne
 43579 | Spider:2 | Killed Arachne
 44506 | Spider:2 | Reached XP level 19. HP: 158/159 MP: 24/35
 44592 | Spider:2 | Identified Roxanne's Catalogue of Moulding
 44592 | Spider:2 | Noticed Roxanne
 44918 | Spider:3 | Reached skill level 10 in Unarmed Combat
 45612 | Spider:4 | Entered Level 4 of the Spider Nest
 45864 | Spider:4 | Gained mutation: You are partially covered in iridescent
                  | scales. (AC +2) [hidden potential]
 45864 | Spider:4 | Lost mutation: You have hidden genetic potential. [hidden
                  | potential expressed]
 47251 | Spider:4 | Lost strength.
 47453 | Spider:4 | Lost mutation: You are partially covered in iridescent
                  | scales. (AC +2) [potion of mutation]
 47453 | Spider:4 | Lost mutation: Your system is resistant to poisons. (rPois)
                  | [potion of mutation]
 47453 | Spider:4 | Lost mutation: You are weak. (Str -2) [potion of mutation]
 47453 | Spider:4 | Gained mutation: You tend to lose your temper in combat.
                  | [potion of mutation]
 47453 | Spider:4 | Gained mutation: Your muscles are strong. (Str +2) [potion
                  | of mutation]
 47453 | Spider:4 | Gained mutation: You have a beak for a mouth. [potion of
                  | mutation]
 47454 | Spider:4 | Lost mutation: You tend to lose your temper in combat.
                  | [potion of mutation]
 47454 | Spider:4 | Lost mutation: You have large cloven feet. [potion of
                  | mutation]
 47454 | Spider:4 | Lost mutation: Your muscles are strong. (Str +2) [potion of
                  | mutation]
 47454 | Spider:4 | Gained mutation: Your mind is acute. (Int +2) [potion of
                  | mutation]
 47454 | Spider:4 | Gained mutation: You are weak. (Str -2) [potion of
                  | mutation]
 47454 | Spider:4 | Gained mutation: Armour fits poorly on your strangely
                  | shaped body. [potion of mutation]
 47454 | Spider:4 | Gained mutation: You are robust. (+10% HP) [potion of
                  | mutation]
 47455 | Spider:4 | Lost mutation: You are robust. (+10% HP) [potion of
                  | mutation]
 47455 | Spider:4 | Lost mutation: Armour fits poorly on your strangely shaped
                  | body. [potion of mutation]
 47455 | Spider:4 | Gained mutation: You are clumsy. (Dex -2) [potion of
                  | mutation]
 47455 | Spider:4 | Gained mutation: You have a pair of small antennae on your
                  | head. [potion of mutation]
 47748 | Elf:2    | Lost strength.
 47989 | Vaults:1 | Entered Level 1 of the Vaults
 48725 | Orc:2    | Bought a potion of mutation for 80 gold pieces
 48725 | Orc:2    | Lost mutation: You have a beak for a mouth. [potion of
                  | mutation]
 48725 | Orc:2    | Lost mutation: You are clumsy. (Dex -2) [potion of
                  | mutation]
 48725 | Orc:2    | Lost mutation: Your mind is acute. (Int +2) [potion of
                  | mutation]
 48725 | Orc:2    | Gained mutation: Your spells are a little harder to cast,
                  | but a little more powerful. [potion of mutation]
 48725 | Orc:2    | Lost mutation: Your spells are a little harder to cast, but
                  | a little more powerful. [potion of mutation]
 48727 | Orc:2    | Bought a potion of mutation for 80 gold pieces
 48727 | Orc:2    | Lost mutation: You are weak. (Str -2) [potion of mutation]
 48727 | Orc:2    | Lost mutation: You have a pair of small antennae on your
                  | head. [potion of mutation]
 48727 | Orc:2    | Gained mutation: You expend magic power (3 MP) to
                  | strengthen your wands. [potion of mutation]
 48727 | Orc:2    | Gained mutation: Your body sometimes deteriorates upon
                  | taking damage. [potion of mutation]
 49540 | Vaults:1 | Reached XP level 20. HP: 114/176 MP: 22/36
 50805 | Vaults:2 | Found Fekok's Antique Armour Shop.
 50813 | Vaults:2 | Bought a runed helmet for 322 gold pieces
 51913 | Vaults:3 | Reached skill level 10 in Dodging
 52214 | Vaults:3 | Found War Igibb's Armour Shoppe.
 52218 | Vaults:3 | Paralysed by a great orb of eyes for 6 turns
 52305 | Vaults:3 | Found Cinoom's Jewellery Shoppe.
 52340 | Vaults:3 | Found Titithukh's General Store.
 52356 | Vaults:3 | Reached XP level 21. HP: 96/183 MP: 16/38
 52474 | Vaults:3 | Paralysed by a sphinx for 2 turns
 52898 | Vaults:3 | Found Cidil's Magic Scroll Emporium.
 52989 | Vaults:3 | Bought a scroll of blinking for 142 gold pieces
 52989 | Vaults:3 | Bought a scroll of immolation for 66 gold pieces
 52989 | Vaults:3 | Bought a scroll of fog for 38 gold pieces
 52989 | Vaults:3 | Bought a scroll of fog for 38 gold pieces
 53192 | Vaults:3 | Found a staircase to the Crypt.
 53840 | Vaults:4 | Cast into level 2 of the Abyss (a wizard)
 53939 | Abyss:3  | Noticed a bone dragon
 53963 | Abyss:3  | Killed a bone dragon
 54180 | Vaults:4 | Escaped the Abyss
 55043 | Vaults:4 | Found Solont's Antique Armour Shoppe.
 55049 | Vaults:4 | Bought a shiny helmet for 322 gold pieces
 55784 | Depths:1 | Entered Level 1 of the Depths
 55893 | Depths:1 | Reached XP level 22. HP: 105/190 MP: 12/40
 56000 | Depths:1 | Found a gateway to Hell.
 56390 | Depths:1 | Found a one-way gateway to a ziggurat.
 56576 | Depths:1 | Found a shadowy altar of Dithmenos.
 56720 | Depths:1 | Found a one-way gate to the infinite horrors of the Abyss.
 57001 | Orc:2    | Bought a potion of curing for 36 gold pieces
 57001 | Orc:2    | Bought a potion of curing for 36 gold pieces
 57001 | Orc:2    | Bought a potion of heal wounds for 60 gold pieces
 57001 | Orc:2    | Bought a potion of heal wounds for 60 gold pieces
 57358 | D:4      | Killed AlmostDecent's ghost
 57615 | Swamp:4  | Bought a potion of curing for 90 gold pieces
 57843 | D:14     | You paid a toll of 17 potions of curing to enter a treasure
                  | trove
 57844 | Trove    | Entered a treasure trove
 57851 | Trove    | Identified the +2 hunting sling of Soture {freeze, Contam
                  | Int+8 Stlth+}
 57860 | Trove    | Identified the +0 pair of boots of Miracles {*Corrode rF+
                  | Str+3}
 57868 | Trove    | Identified the ring "Obesazui" {rF+ rC+ Int+4}
 57873 | Trove    | Identified the amulet "Baahemeu" {Spirit rPois rCorr Str+3
                  | Dex+2}
 57876 | Trove    | Identified the +0 plate armour of Follow the Leader
                  | {Rampage rN+ Dex+2}
 58262 | Depths:2 | Noticed a golden dragon
 58373 | Depths:1 | Noticed a juggernaut
 58373 | Depths:1 | a rockslime changed into a juggernaut
 58374 | Depths:1 | Noticed a shard shrike
 58374 | Depths:1 | a juggernaut changed into a shard shrike
 58378 | Depths:1 | a shard shrike changed into a frost giant
 58487 | Depths:1 | Reached skill level 15 in Spellcasting
 59126 | Elf:3    | Identified the +10 hand axe of Deformation {vorpal, rElec
                  | rF- rC+ Stlth+}
 59364 | Elf:3    | Identified the +1 chain mail "Umaock" {rF+ rCorr}
 59377 | Elf:3    | Got the Compendium of the Mountains
 59384 | Elf:3    | Identified the +4 flail "Letiy" {vamp, rElec SInv}
 59390 | Elf:3    | Identified the +0 chain mail of Zealous Happiness {rC+ rN+
                  | Int-3}
 59400 | Elf:3    | Learned a level 8 spell: Maxwell's Capacitive Coupling
 59821 | Depths:2 | Found Icupn's General Store.
 59830 | Depths:2 | Found Goreamov's Antique Weapon Emporium.
 59834 | Depths:2 | Bought a scroll of blinking for 127 gold pieces
 60118 | Depths:2 | Found a one-way gate leading to the halls of Pandemonium.
 60621 | Depths:2 | Killed a golden dragon
 60839 | Depths:2 | Found Loah's Magic Scroll Shoppe.
 60842 | Depths:2 | Bought a scroll of blinking for 142 gold pieces
 60842 | Depths:2 | Bought a scroll of teleportation for 57 gold pieces
 60842 | Depths:2 | Bought a scroll of holy word for 142 gold pieces
 61180 | Depths:3 | Reached XP level 23. HP: 185/196 MP: 42/42
 61275 | Depths:3 | Reached skill level 15 in Unarmed Combat
 61313 | Depths:3 | Found Aplyenau's Magic Scroll Shoppe.
 61330 | Depths:3 | Bought a scroll of teleportation for 63 gold pieces
 61330 | Depths:3 | Bought a scroll of blinking for 157 gold pieces
 61392 | Depths:3 | Found Big Baal Hell's Store.
 61635 | Depths:3 | Found Kyhisam's Assorted Antiques.
 61635 | Depths:3 | Found Gotafeh's Armour Shoppe.
 61635 | Depths:3 | Found Mohe's Assorted Antiques.
 61635 | Depths:3 | Found Zyffinocuba's Jewellery Shoppe.
 61661 | Depths:3 | Learned a level 5 spell: Manifold Assault
 61736 | Depths:3 | Bought a scroll of teleportation for 102 gold pieces
 61736 | Depths:3 | Bought a potion of curing for 102 gold pieces
 61736 | Depths:3 | Bought a scroll of teleportation for 102 gold pieces
 61746 | Depths:3 | Bought a potion of curing for 147 gold pieces
 61876 | Depths:3 | Identified the +9 scimitar "Nyselal" {holy, Str-4 Dex+6}
 62010 | Depths:3 | Identified the +10 quarterstaff of Seshru {vorpal, *Corrode
                  | rC+ Int+4 Dex+9}
 62181 | Depths:4 | Entered Level 4 of the Depths
 62367 | Depths:4 | Reached skill level 10 in Translocations
 63861 | Depths:4 | Found a gate to the Realm of Zot.
 65266 | Spider:4 | Got a gossamer rune of Zot
 65742 | Vaults:5 | Entered Level 5 of the Vaults
 65787 | Vaults:5 | Got a silver rune of Zot
 65868 | Vaults:5 | Reached XP level 24. HP: 162/204 MP: 25/43
 66415 | Vaults:5 | Identified the amulet "Ittaschea" {Faith rPois}
 66551 | Vaults:5 | Found Laicuttenue's Assorted Antiques.
 66586 | Vaults:5 | Bought a scroll of teleportation for 99 gold pieces
 66586 | Vaults:5 | Bought a potion of haste for 330 gold pieces
 67188 | Vaults:5 | Found Bogaemif's Magic Scroll Emporium.
 67193 | Vaults:5 | Bought a scroll of teleportation for 57 gold pieces
 67214 | Vaults:5 | Found Ysomoruw's Distillery.
 67219 | Vaults:5 | Bought a potion of heal wounds for 100 gold pieces
 67219 | Vaults:5 | Bought a potion of curing for 60 gold pieces
 67219 | Vaults:5 | Bought 2 potions of heal wounds for 200 gold pieces
 67219 | Vaults:5 | Bought 2 potions of curing for 120 gold pieces
 67219 | Vaults:5 | Bought a potion of magic for 160 gold pieces
 67219 | Vaults:5 | Bought a potion of curing for 60 gold pieces
 67230 | Vaults:5 | Found Vuwoo's Distillery.
 67235 | Vaults:5 | Bought a potion of curing for 42 gold pieces
 67235 | Vaults:5 | Bought a potion of curing for 42 gold pieces
 67235 | Vaults:5 | Bought a potion of mutation for 112 gold pieces
 67256 | Vaults:5 | Found Obliphas's Magic Scroll Shoppe.
 67262 | Vaults:5 | Bought a scroll of teleportation for 36 gold pieces
 67272 | Vaults:5 | Found Nonibet's Magic Scroll Shop.
 67597 | Depths:1 | Voluntarily entered the Abyss.
 68095 | Abyss:2  | Found a transporter.
 68808 | Abyss:4  | Reached skill level 15 in Translocations
 68808 | Abyss:4  | Reached XP level 25. HP: 147/208 MP: 8/44
 68808 | Abyss:4  | Reached XP level 26. HP: 152/216 MP: 8/44
 68808 | Abyss:4  | Got an abyssal rune of Zot
 68812 | Abyss:4  | Paralysed by accursed screaming for 1 turns
 68883 | Depths:1 | Escaped the Abyss
 69073 | Hell     | Entered the Vestibule of Hell
 69073 | Hell     | Noticed Geryon
 69659 | Slime:1  | Entered Level 1 of the Pits of Slime
 69661 | Slime:1  | Gained mutation: You sometimes lose the ability to read
                  | scrolls when taking damage. [a shining eye]
 70060 | Slime:2  | Gained mutation: Armour fits poorly on your strangely
                  | shaped body. [a shining eye]
 70062 | Slime:2  | Gained mutation: You are dopey. (Int -2) [a shining eye]
 70637 | Slime:2  | Learned a level 1 spell: Apportation
 71767 | Slime:5  | Entered Level 5 of the Pits of Slime
 71966 | Slime:5  | Noticed the Royal Jelly
 71978 | Slime:5  | Killed the Royal Jelly
 71979 | Slime:5  | Reached XP level 27. HP: 199/224 MP: 28/46
 72397 | Slime:5  | Identified the ring of Departure {rC+ rN+ Will+ AC+4
                  | Slay+2}
 72401 | Slime:5  | Got a slimy rune of Zot
 72429 | Slime:5  | Got the Volume of Captivating Stones
 72445 | Slime:5  | Got the Compendium of Burning Dark Rites
 72562 | Slime:5  | Learned a level 6 spell: Statue Form
 72935 | Pan      | Entered Pandemonium
 73114 | Pan      | Found a runed translucent door.
 73117 | Pan      | Found a runed translucent door.
 73120 | Pan      | Found a runed translucent door.
 73140 | Pan      | Noticed Bivumoa the pandemonium lord
 73143 | Pan      | Found a runed translucent door.
 73158 | Pan      | Killed Bivumoa the pandemonium lord
 73170 | Pan      | Got a demonic rune of Zot
 73363 | Pan      | Noticed Cikhiussa the pandemonium lord
 73372 | Pan      | Killed Cikhiussa the pandemonium lord
 73406 | Pan      | Entered the realm of Lom Lobon.
 73411 | Pan      | Got a magical rune of Zot
 73776 | Pan      | Reached skill level 15 in Dodging
 73939 | Pan      | Noticed Lom Lobon
 73956 | Pan      | Killed Lom Lobon
 74647 | Pan      | Noticed Naytsoe the pandemonium lord
 74669 | Pan      | Noticed Zixuwurgh the pandemonium lord
 74811 | Pan      | Killed Zixuwurgh the pandemonium lord
 75375 | Pan      | Entered the realm of Mnoleg.
 75379 | Pan      | Gained mutation: Potions are less effective at restoring
                  | your health. [a cacodemon]
 75388 | Pan      | Gained mutation: Your body often deteriorates upon taking
                  | damage. [a cacodemon]
 75416 | Pan      | Gained mutation: You are very dopey. (Int -4) [a cacodemon]
 75959 | Pan      | Gained mutation: You tend to lose your temper in combat. [a
                  | cacodemon]
 75966 | Pan      | Gained mutation: You do not regenerate when monsters are
                  | visible. [a cacodemon]
 75970 | Pan      | Gained mutation: You occasionally shout uncontrollably at
                  | your foes. [a neqoxec]
 75973 | Pan      | Gained mutation: You are clumsy. (Dex -2) [a shining eye]
 76114 | Pan      | Noticed Mnoleg
 76131 | Pan      | Killed Mnoleg
 76381 | Pan      | Gained mutation: You have hidden genetic defects. [a
                  | cacodemon]
 76542 | Pan      | Got a glowing rune of Zot
 76597 | Pan      | Lost mutation: You expend magic power (3 MP) to strengthen
                  | your wands. [potion of mutation]
 76597 | Pan      | Lost mutation: You have hidden genetic defects. [potion of
                  | mutation]
 76598 | Pan      | Lost mutation: Potions are less effective at restoring your
                  | health. [potion of mutation]
 76598 | Pan      | Lost mutation: You are clumsy. (Dex -2) [potion of
                  | mutation]
 76598 | Pan      | Gained mutation: You are partially covered in iridescent
                  | scales. (AC +2) [potion of mutation]
 76598 | Pan      | Gained mutation: Your magical capacity is low. (-10% MP)
                  | [potion of mutation]
 76599 | Pan      | Lost mutation: Armour fits poorly on your strangely shaped
                  | body. [potion of mutation]
 76599 | Pan      | Lost mutation: You occasionally shout uncontrollably at
                  | your foes. [potion of mutation]
 76599 | Pan      | Gained mutation: You are clumsy. (Dex -2) [potion of
                  | mutation]
 76599 | Pan      | Gained mutation: Your muscles are strong. (Str +2) [potion
                  | of mutation]
 76600 | Pan      | Lost mutation: You tend to lose your temper in combat.
                  | [potion of mutation]
 76600 | Pan      | Lost mutation: You do not regenerate when monsters are
                  | visible. [potion of mutation]
 76600 | Pan      | Lost mutation: You sometimes lose the ability to read
                  | scrolls when taking damage. [potion of mutation]
 76600 | Pan      | Lost mutation: You are partially covered in iridescent
                  | scales. (AC +2) [potion of mutation]
 76600 | Pan      | Gained mutation: You are somewhat resistant to further
                  | mutation. [potion of mutation]
 76601 | Pan      | Lost mutation: You are somewhat resistant to further
                  | mutation. [potion of mutation]
 76601 | Pan      | Lost mutation: You are clumsy. (Dex -2) [potion of
                  | mutation]
 76601 | Pan      | Gained mutation: Potions are less effective at restoring
                  | your health. [potion of mutation]
 76601 | Pan      | Gained mutation: Your system is resistant to poisons.
                  | (rPois) [potion of mutation]
 76601 | Pan      | Lost mutation: Your system is resistant to poisons. (rPois)
                  | [potion of mutation]
 76602 | Pan      | Lost mutation: Your muscles are strong. (Str +2) [potion of
                  | mutation]
 76602 | Pan      | Lost mutation: Your body often deteriorates upon taking
                  | damage. [potion of mutation]
 76602 | Pan      | Lost mutation: Potions are less effective at restoring your
                  | health. [potion of mutation]
 76602 | Pan      | Gained mutation: Your flesh is cold resistant. (rC+)
                  | [potion of mutation]
 76602 | Pan      | Gained mutation: Your flesh is heat resistant. (rF+)
                  | [potion of mutation]
 76604 | Pan      | Found an exit through the horrors of the Abyss.
 77109 | Pan      | Entered the realm of Gloorx Vloq.
 77330 | Pan      | Noticed Gloorx Vloq
 78410 | Pan      | Killed Gloorx Vloq
 78867 | Pan      | Got a dark rune of Zot
 79724 | Pan      | Noticed Opoani Qogyu the pandemonium lord
 79732 | Pan      | Killed Opoani Qogyu the pandemonium lord
 80331 | Pan      | Found an exit through the horrors of the Abyss.
 80349 | Pan      | Entered the realm of Cerebov.
 80811 | Pan      | Identified the +9 morningstar "Fops" {drain, rC+}
 80841 | Pan      | Found the +6 sword of Cerebov {flame}
 80841 | Pan      | Noticed Cerebov
 80867 | Pan      | Slain by Cerebov

Illustrated notes

Levels and vault maps discovered:
D:1:      lightli_arrival_chessboard, layout_loops_ring,
          hellmonk_ecumenical_altar_heavens_door
D:2:      layout_rooms, uniq_natasha
D:3:      minmay_inner_zag, layout_loops_ring, minmay_box_of_dots
D:4:      layout_basic, minmay_temple_entry_wispy, gammafunk_ghost_necromancy,
          uniq_grinder
D:5:      layout_rooms, led_sif_pool, serial_shops, nicolae_shop_behind_doors,
          nicolae_stop_n_shop_1
D:6:      layout_basic, ebering_ghost_inner_flame
D:7:      layout_cave_pods, mainiacjoe_overflow_cross_hatched,
          chequers_serial_rivers_micro_a, uniq_prince_ribbit1, uniq_joseph
D:8:      layout_cave_pools, serial_shops, nicolae_shop_trees, minivault_27
D:9:      layout_long_grid, orc_0_dummy, uniq_psyche
D:10:     dragon1_lemuel, layout_loops_corners, david_lair_generic
D:11:     layout_grid_maze, uniq_harold
D:12:     layout_long_grid, minmay_lindwurm_lava
D:13:     layout_rooms, grunt_vaults_entry_fortified,
          portal_ice_cave_entry_pillars_1, drop_trap,
          minmay_misc_feat_nine_boxes
D:14:     layout_rooms, serial_park_tiny_1, nicolae_trove_entry_columns,
          lightli_wizard_tower
D:15:     grunt_enter_depths_magical_seal, layout_loops_corners,
          doesnt_xom_only_xom, trog_butcher_becter, uniq_louise, uniq_kirke
Temple:   mainiacjoe_temple_cubbyholes
Lair:1:   layout_roguey, uniq_nergalle
Lair:2:   layout_chaotic_city, swamp_mist_pool
Lair:3:   layout_concentric_octagons, nicolae_spider_entry_tight_spaces,
          serial_bayou_shore_a, grunt_megastairs_3
Lair:4:   layout_roguey, serial_bayou_pond_b, grunt_megastairs_2
Lair:5:   layout_long_grid, slime_altar_1, st_stairs_8, minivault_24,
          infiniplex_staircase_pool_2, grunt_megastairs_5
Lair:6:   cheibrodos_lair_end_hotspot, layout_regular_city,
          lemuel_centaur_altar, lemuel_fruit_tree, uniq_rupert
Swamp:1:  layout_basic_swamp, ebering_ghost_rock_garden,
          evilmike_swamp_ruin_house_2
Swamp:2:  layout_basic_swamp, serial_swamp_ruin, hangedman_swamp_ruin_wall,
          evilmike_swamp_ruin_house_5
Swamp:3:  layout_basic_swamp, evilmike_swamp_ruin_house_3
Swamp:4:  nzn_swamp_witches_coven, layout_basic_swamp, swamp_pool1,
          nicolae_swamp_little_swirl
Spider:1: layout_cave_pods, uniq_aizul
Spider:2: layout_spider_delve, uniq_jorgrun, uniq_arachne, uniq_frances,
          uniq_roxanne
Spider:3: layout_spider_delve, guppyfry_spider_mini_3
Spider:4: grunt_spider_rune_circles, nicolae_spider_jagged_tunnels
Slime:1:  layout_caves
Slime:2:  layout_caves, cheibrodos_slime_lost_civilization_4
Slime:3:  layout_caves
Slime:4:  layout_caves
Slime:5
Orc:1:    layout_diamond_mine
Orc:2:    st_orc_ogre_mass, layout_caves, serial_shops, bzr_entry_road,
          nicolae_shop_behind_doors, nicolae_shop_bloodbath_and_beyond,
          shop_statue, nicolae_shop_trees
Elf:1:    layout_loops_cross, minmay_elf_necromancy
Elf:2:    elven_hall_of_blades_hangedman_original [mumra_blade_entry_bloodbath],
          layout_loops_corners, drop_trap, guppyfry_elf_garden
Elf:3:    minmay_elf_hall_dome, layout_onion_city, serial_shops,
          bzr_in_the_mist, billiards_dpeg
Vaults:1: hangedman_vaults_snaps, nicolae_vaults_ninety_degrees,
          ontoclasm_vaults_decontamination, vaults_room_pool,
          hangedman_vaults_river_flow, vaults_mumra_hex, v_pattern_4,
          layout_vaults_omnigrid
Vaults:2: hangedman_vaults_hard_town_square, ontoclasm_vaults_tryst, v_misc_10,
          nicolae_vaults_alarming, vaults_room_fours, hangedman_vaults_nails,
          hangedman_vaults_maws, hangedman_vaults_pinch,
          nicolae_vaults_little_squares_1, v_misc_13, layout_vaults_ring,
          serial_shops, shop
Vaults:3: v_misc_9, v_misc_32, vaults_mumra_lcd, vaults_room_guarded_vault,
          minmay_crypt_entry_simple_round, vaults_dpeg_doors,
          nicolae_vaults_puzzle_piece, v_pattern_5, vaults_room_pool, v_misc_10,
          vaults_dpeg_diagonal, ontoclasm_vaults_ligature,
          nicolae_vaults_yaktaur_gun_rack, layout_vaults_big_cross,
          serial_shops, shop, shop, nicolae_shop_hallway_plus,
          nicolae_diamond_shop
Vaults:4: vaults_room_grunt_arrival_ludios, ontoclasm_vaults_fault,
          hangedman_vaults_impose, v_misc_15, vaults_room_octagon,
          vaults_room_door_hall, nicolae_vaults_little_ls, v_misc_3,
          vaults_room_door_ring, hangedman_vaults_slice,
          hangedman_vaults_variations, ontoclasm_vaults_loading_screen,
          layout_vaults_omnibox, serial_shops, shop_fountains
Vaults:5
Depths:1: layout_honeycomb, enter_ziggurat_a, hellmouth_3, serial_glass,
          glass_columns_b, glass_columns_b, glass_columns_a, abyss_entry,
          nicolae_figureground_pulse, nicolae_dithmenos_shadow_blocks
Depths:2: minmay_the_grid_3x2 [minmay_the_grid_mess, minmay_the_grid_embedded,
          minmay_the_grid_minigrid_small, minmay_the_grid_paths,
          minmay_the_grid_tiny_cups, minmay_the_grid_prize_inner_circle],
          layout_twisted_cross, hangedman_coc_ice_floe, serial_shops,
          kennysheep_mini, grunt_decor_fettered, rand_demon_pan_entry_7,
          minmay_shop_star
Depths:3: minmay_firetagon, layout_long_grid, infiniplex_staircase_9_rooms,
          serial_shops, shop, abyss_entry, nicolae_hell_entry_big_baal_hell,
          minmay_shoptagon
Depths:4: grunt_zot_entry_gee_three, layout_gridville, grunt_mini_vestibule,
          dk_noncrumbling_3, chequers_serial_rivers_marsh, st_stairs_14,
          serial_bayou_shore_b, kennysheep_random_hallway
Hell
Pan:      rand_demon_7, layout_basic, evilmike_mini_pan_other_thingy,
          layout_rooms, rand_demon_2, layout_chambers,
          nicolae_pan_lom_lobonic_3, lom_lobon_grunt, layout_pan_divisions_b
          [pan_division_quadrant_b3, pan_division_quadrant_b3,
          pan_division_quadrant_b4, pan_division_quadrant_b6],
          grunt_pan_sceptre, layout_pan_divisions_a [pan_division_quadrant_a2,
          pan_division_quadrant_a4, pan_division_quadrant_a2,
          pan_division_quadrant_a3, pan_division_octagon_halves],
          uniq_lom_lobon, rand_demon_3, layout_cellular_growth,
          pan_blood_fountain, nicolae_pan_door_chamber, layout_pan_divisions_a
          [pan_division_quadrant_a2, pan_division_quadrant_a6,
          pan_division_quadrant_a3, pan_division_quadrant_a3,
          pan_division_octagon_rings], pan_blood_fountain_2, mnoleg,
          layout_irregular_city, evilmike_mini_pan_doors_b, layout_gridlike,
          rand_demon_4, layout_small_grid, pan_blood_fountain_2, gloorx_vloq_st,
          layout_small_grid, evilmike_mini_pan_T, layout_pan_divisions_a
          [pan_division_quadrant_a4, pan_division_quadrant_a3,
          pan_division_quadrant_a6, pan_division_quadrant_a2,
          pan_division_octagon_rings], regret_index_pan_draining_boxed,
          layout_pan_divisions_a [pan_division_quadrant_a3,
          pan_division_quadrant_a4, pan_division_quadrant_a4,
          pan_division_quadrant_a3, pan_division_octagon_halves], pan_surprise,
          evilmike_mini_pan_murderfest, layout_cellular_growth, cerebov,
          layout_small_grid, pan_blood_fountain_2

Skill      XL: |  1  2  3  4  5  6  7  8  9 10 11 12 13 14 15 16 17 18 19 20 21 22 23 24 25 26 27 |
---------------+----------------------------------------------------------------------------------+-----
Fighting       | 1 2 3 4 6 8 10 11 12 14 15 17 18 19 20 | 20.1
Translocations | 1 2 3 4 6 8 13 15 | 15.5
Spellcasting   | 3 4 5 6 8 9 10 11 12 13 14 15 16 17 19 23 | 23.0
Conjurations   | 5 |  5.6
Summonings     | 2 4 6 8 10 12 | 12.0
Dodging        | 3 6 7 8 10 11 13 14 16 | 16.0
Transmutations | 4 7 11 13 14 15 17 18 19 20 21 23 | 23.9
Ice Magic      | 4 |  4.9
Air Magic      | 4 7 11 13 14 15 17 18 19 20 21 23 | 23.9
Unarmed Combat | 2 5 6 8 9 11 14 16 17 19 20 | 20.0
Stealth        | |  1.7

Action                   |  1- 3 |  4- 6 |  7- 9 | 10-12 | 13-15 | 16-18 | 19-21 | 22-24 | 25-27 || total
-------------------------+-------+-------+-------+-------+-------+-------+-------+-------+-------++-------
Melee: Unarmed           |       |    11 |    19 |       |   333 |   741 |   895 |  1017 |  1418 ||  4434
       Punch             |       |     1 |       |       |    20 |    48 |    93 |   116 |   142 ||   420
       Mace              |       |       |    11 |       |       |       |       |       |       ||    11
       Staff             |       |       |     1 |    14 |    12 |     6 |     5 |       |       ||    38
       Kick              |       |       |       |       |       |     1 |     1 |       |       ||     2
 Cast: Magic Dart        |    14 |     1 |       |       |       |       |       |       |       ||    15
       Searing Ray       |    17 |    36 |    56 |    20 |       |       |       |       |       ||   129
       Iskenderun's Myst |       |       |    30 |    15 |       |       |       |       |       ||    45
       Summon Forest     |       |       |     5 |    43 |    28 |    41 |    36 |    10 |     5 ||   168
       Summon Cactus Gia |       |       |       |    30 |    10 |     7 |    10 |     5 |     1 ||    63
       Freezing Cloud    |       |       |       |    15 |    81 |    31 |    12 |     6 |       ||   145
       Storm Form        |       |       |       |       |    37 |    83 |    67 |    78 |    79 ||   344
       Irradiate         |       |       |       |       |       |    27 |    43 |    28 |       ||    98
       Wereblood         |       |       |       |       |       |     1 |    11 |     5 |       ||    17
       Manifold Assault  |       |       |       |       |       |       |       |   115 |   293 ||   408
       Apportation       |       |       |       |       |       |       |       |       |   152 ||   152
Invok: Call Merchant     |       |       |       |     2 |     2 |     3 |       |     1 |       ||     8
       Potion Petition   |       |       |       |       |     1 |       |       |     1 |    11 ||    13
       Bribe Branch      |       |       |       |       |       |       |       |     1 |       ||     1
 Abil: Hop               |       |     1 |     4 |     3 |     1 |       |       |       |       ||     9
       Blinkbolt         |       |       |       |       |    16 |    48 |    59 |    50 |    39 ||   212
       End Transformatio |       |       |       |       |     1 |     3 |     4 |     1 |     3 ||    12
Evoke: Wand              |       |     4 |     6 |     2 |       |       |       |     2 |     7 ||    21
  Use: Scroll            |     2 |     4 |     8 |     6 |     2 |    16 |    11 |     3 |    13 ||    65
       Potion            |       |     1 |     8 |       |       |     1 |     8 |     9 |    23 ||    50
 Stab: Invisible         |       |       |     2 |       |       |       |       |       |       ||     2
       Distracted        |       |       |       |       |     6 |     9 |     9 |     5 |    16 ||    45
Armor: Robe              |     2 |     7 |    11 |    13 |    22 |     7 |    14 |     2 |     3 ||    81
       Skin              |       |       |       |       |    98 |   209 |   259 |   184 |   217 ||   967
Dodge: Dodged            |     4 |    30 |    61 |    40 |   311 |   693 |   990 |   785 |   785 ||  3699
Block: Other             |       |    18 |    27 |    25 |    89 |    32 |       |       |       ||   191
       Reflection        |       |       |     1 |       |     9 |       |       |       |       ||    10
